 Dungeon Crawl Stone Soup version 0.20-a0-350-ga83eecc (webtiles) character file.

18008 snakesoul the Basher (level 12, -1/80 HPs)
             Began as a Gargoyle Fighter on Dec 24, 2016.
             Was the Champion of Cheibriados.
             Slain by an eight-headed hydra (5 damage)
             ... on level 11 of the Dungeon.
             The game lasted 00:20:25 (9866 turns).

snakesoul the Basher (Gargoyle Fighter)             Turns: 9866, Time: 00:20:25

Health: -1/80      AC: 31    Str: 45    XL:     12   Next: 54%
Magic:  12/12      EV:  8    Int: 24    God:    Cheibriados [******]
Gold:   380        SH: 16    Dex: 28    Spells: 11/11 levels left

rFire  + . .     SeeInvis .     a - +0 flail
rCold  . . .     Gourm    .     x - +3 plate armour {rF+}
rNeg   + . .     Faith    .     c - +0 shield
rPois  ∞         Spirit   .     E - +0 helmet
rElec  +         Reflect  .     k - +0 cloak
rCorr  .         Harm     .     p - +0 pair of gloves
MR     .....                    h - +0 pair of boots
Stlth  ..........               l - amulet of regeneration
                                q - ring of stealth
                                D - +4 ring of strength

@: mighty, very slow
A: negative energy resistance 1, electricity resistance, unbreathing,
petrification resistance, rot immunity, AC +8
a: Bend Time, Temporal Distortion, Slouch, Step From Time, Renounce Religion


You were on level 11 of the Dungeon.
You worshipped Cheibriados.
Cheibriados was exalted by your worship.
You were not hungry.

You visited 1 branch of the dungeon, and saw 11 of its levels.
You also visited: Ice Cave.

You collected 380 gold pieces.

Inventory:

Hand Weapons
 a - a +0 flail (weapon)
 R - a +0 dire flail
Missiles
 b - 2 silver javelins
 S - 3 tomahawks of returning (quivered)
 W - 4 tomahawks
Armour
 c - a +0 shield (worn)
 h - a +0 pair of boots (worn)
 k - a +0 cloak (worn)
 p - a +0 pair of gloves (worn)
 x - a +3 plate armour of fire resistance (worn)
 E - a +0 helmet (worn)
Jewellery
 l - an amulet of regeneration (around neck)
 q - a ring of stealth (right hand)
 D - a +4 ring of strength (left hand)
Scrolls
 i - 3 scrolls of remove curse
 j - a scroll of blinking {unknown}
 r - 2 scrolls of summoning {unknown}
 s - 2 scrolls of teleportation
 t - a scroll of magic mapping {unknown}
 y - 2 scrolls of random uselessness
 A - 6 scrolls of immolation {unknown}
 C - a scroll of fog
 G - 2 scrolls of fear {unknown}
 K - 5 scrolls of identify {unknown}
 O - 2 scrolls of recharging {unknown}
 Z - a scroll of vulnerability {unknown}
Potions
 d - a potion of might
 g - 2 potions of lignification {unknown}
 m - 2 potions of heal wounds
 n - 5 potions of brilliance {unknown}
 o - a potion of haste {unknown}
 v - a potion of agility {unknown}
 H - a potion of beneficial mutation {unknown}
 J - a potion of degeneration {unknown}
 L - 2 potions of flight {unknown}
 P - a potion of curing {unknown}
 Q - 2 potions of ambrosia {unknown}
 V - 2 potions of berserk rage {unknown}
Books
 U - a book of Misfortune

   Spells                             Type                      Level
   a - Confusing Touch                Hexes                        1
   b - Confuse                        Hexes                        3
   c - Gell's Gravitas                Hexes/Translocation          3
   d - Petrify                        Transmutation/Earth          4
   e - Metabolic Englaciation         Hexes/Ice                    5
   f - Yara's Violent Unravelling     Hexes/Transmutation          5
Comestibles
 f - 9 bread rations
 u - 4 meat rations
 w - 8 beef jerkies
 z - 8 chunks of flesh
 B - 3 slices of pizza
 I - 13 fruits
 M - 2 royal jellies


   Skills:
 + Level 11.0 Fighting
 * Level 13.7 Maces & Flails
 * Level 8.6 Armour
 - Level 9.9 Shields


You had 11 spell levels left.
You didn't know any spells.

Dungeon Overview and Level Annotations

Branches:
Dungeon (11/15)            Temple (0/1) D:5
   Lair: D:8-11         Orc: D:9-12

Altars:
Ashenzari
Cheibriados
Gozag
Makhleb
Sif Muna
Vehumet
Xom
Zin
The Shining One

Shops:
D:7 :


Innate Abilities, Weirdness & Mutations

You are resistant to torment.
Your stone body is resilient. (AC +8)
You are immune to poison.
You resist negative energy. (rN+)
You are resistant to electric shocks. (rElec)
You can survive without breathing.
You are immune to petrification.
You are immune to rotting.


Message History

You are too injured to fight recklessly!
Unknown command.
You are too injured to fight recklessly!
Unknown command.
You bludgeon the eight-headed hydra!!
The eight-headed hydra is almost dead.
The eight-headed hydra completely misses you.
The eight-headed hydra barely misses you.
You block the eight-headed hydra's attack. x2
The eight-headed hydra bites you.
* * * LOW HITPOINT WARNING * * *
The eight-headed hydra bites you but does no damage. x3
Unknown command.
Unknown command.
You feel very mighty all of a sudden.
You block the eight-headed hydra's attack. x2
The eight-headed hydra barely misses you.
You block the eight-headed hydra's attack.
The eight-headed hydra bites you.
You die...

#..... #.... #....
###... #...
....##....#...#
....#....#...#####
#D..#....#........
#@..#....#........
#.###....#........
###.#......#........
#...#......#...†....
#...#......###'##... #
##.##.......÷...#...
##..##†####'###.....#...
+.............#.....#...
#.............#.....#...


You could see an eight-headed hydra.

Vanquished Creatures
  A hydra (D:11)
  Erolcha (D:10)
  Erica (D:10)
  5 two-headed ogres
  An unseen horror (D:10)
  A necromancer (IceCv)
  A centaur zombie (D:11)
  Joseph (D:7)
  3 ice statues (IceCv)
  A gargoyle (D:10)
  2 rime drakes (D:11)
  8 ice devils (IceCv)
  A troll (D:11)
  Prince Ribbit (D:7)
  The ghost of snakesoul the Shield-Bearer, an amateur GrFi (D:4)
  A wraith (D:10)
  A wyvern (D:8)
  9 yaks
  Grum (D:10)
  Menkaure (D:5)
  An acid dragon (D:9)
  A water moccasin (D:7)
  3 sky beasts
  An ice beast (D:9)
  5 orc warriors
  2 black bears
  2 necrophages
  3 ogres
  4 wolves (D:10)
  3 centaurs
  A crocodile (D:5)
  A big kobold (D:10)
  6 bullfrogs
  A wyvern skeleton (D:6)
  2 scorpions
  4 wights
  6 killer bees (D:8)
  3 howler monkeys
  5 crimson imps
  2 draconian simulacra (IceCv)
  4 hounds
  3 bullfrog zombies
  6 centaur skeletons
  12 orc wizards
  3 orc priests
  2 worker ants
  A troll simulacrum (IceCv)
  2 centaur simulacra (IceCv)
  A hound skeleton (D:6)
  A howler monkey zombie (D:6)
  A worker ant zombie (D:9)
  Robin (D:3)
  10 adders
  7 gnolls
  A howler monkey skeleton (D:5)
  2 naga simulacra (IceCv)
  3 ogre simulacra (IceCv)
  A river rat (D:3)
  2 shadow imps
  2 oozes (D:4)
  2 adder zombies
  6 worms
  A dart slug (D:2)
  4 leopard geckos
  29 orcs
  12 giant cockroaches
  21 goblins
  8 hobgoblins
  6 jackals
  3 quokkas
  2 ball pythons
  13 bats
  4 frilled lizards
  10 kobolds
  A quokka zombie (D:7)
  4 rats
289 creatures vanquished.

Vanquished Creatures (others)
  An orc (D:6)
1 creature vanquished.

Grand Total: 290 creatures vanquished

Notes
Turn   | Place    | Note
-------+----------+-------------------------------------------
     0 | D:1      | snakesoul the Gargoyle Fighter began the quest for the Orb.
     0 | D:1      | Reached XP level 1. HP: 14/14 MP: 1/1
   501 | D:1      | Reached XP level 2. HP: 10/19 MP: 2/2
   774 | D:1      | Reached XP level 3. HP: 22/23 MP: 3/3
   793 | D:1      | Reached skill level 3 in Maces & Flails
  1590 | D:2      | Found a snail-covered altar of Cheibriados.
  1622 | D:2      | Became a worshipper of Cheibriados the Contemplative
  1713 | D:2      | Reached XP level 4. HP: 28/28 MP: 4/4
  2066 | D:2      | Found a burning altar of Makhleb.
  2176 | D:2      | Reached * piety under Cheibriados
  2502 | D:3      | Found a glowing golden altar of the Shining One.
  2793 | D:3      | Found a glowing silver altar of Zin.
  3042 | D:3      | Reached skill level 4 in Maces & Flails
  3054 | D:3      | Reached XP level 5. HP: 32/32 MP: 5/5
  3202 | D:4      | Noticed Robin
  3344 | D:3      | Reached ** piety under Cheibriados
  3345 | D:3      | Killed Robin
  3541 | D:4      | Found a radiant altar of Vehumet.
  3665 | D:4      | Noticed snakesoul's ghost (amateur GrFi)
  3690 | D:4      | Killed snakesoul's ghost
  3690 | D:4      | Reached skill level 5 in Maces & Flails
  3690 | D:4      | Reached skill level 5 in Shields
  3690 | D:4      | Reached XP level 6. HP: 34/39 MP: 6/6
  3800 | D:5      | Entered Level 5 of the Dungeon
  4117 | D:5      | Found a staircase to the Ecumenical Temple.
  4206 | D:5      | Noticed Menkaure
  4213 | D:5      | Killed Menkaure
  4213 | D:5      | Reached XP level 7. HP: 44/44 MP: 7/7
  4431 | D:6      | Reached skill level 6 in Maces & Flails
  4500 | D:6      | Reached skill level 5 in Fighting
  4545 | D:5      | Reached *** piety under Cheibriados
  4546 | D:5      | Reached XP level 8. HP: 36/50 MP: 8/8
  4587 | D:5      | Reached skill level 7 in Maces & Flails
  5076 | D:6      | Found a snail-covered altar of Cheibriados.
  5102 | D:6      | Reached skill level 8 in Maces & Flails
  5190 | D:6      | Found a shimmering altar of Xom.
  5332 | D:6      | Reached XP level 9. HP: 56/56 MP: 9/9
  5350 | D:7      | Reached **** piety under Cheibriados
  5403 | D:7      | Found Rediomui's Book Shop.
  5673 | D:7      | Noticed Joseph
  5688 | D:7      | Killed Joseph
  5688 | D:7      | Reached skill level 9 in Maces & Flails
  6144 | D:7      | Noticed Prince Ribbit
  6179 | D:7      | Killed Prince Ribbit
  6367 | D:8      | Noticed a two-headed ogre
  6457 | D:8      | Killed a two-headed ogre
  6457 | D:8      | Reached skill level 10 in Maces & Flails
  6457 | D:8      | Reached XP level 10. HP: 44/65 MP: 10/10
  6491 | D:8      | Found a shattered altar of Ashenzari.
  6503 | D:8      | Reached ***** piety under Cheibriados
  6519 | D:8      | Noticed a two-headed ogre
  6526 | D:8      | Killed a two-headed ogre
  6620 | D:8      | Found a deep blue altar of Sif Muna.
  6985 | D:8      | Noticed a two-headed ogre
  6994 | D:8      | Killed a two-headed ogre
  6994 | D:8      | Reached skill level 11 in Maces & Flails
  7022 | D:8      | Noticed a two-headed ogre
  7037 | D:8      | Killed a two-headed ogre
  7173 | D:8      | Reached XP level 11. HP: 71/71 MP: 11/11
  7354 | D:9      | Found an opulent altar of Gozag.
  7505 | D:9      | Reached skill level 12 in Maces & Flails
  8093 | D:10     | Entered Level 10 of the Dungeon
  8132 | D:10     | Noticed Erolcha
  8153 | D:10     | Killed Erolcha
  8219 | D:10     | Noticed a two-headed ogre
  8371 | D:10     | Killed a two-headed ogre
  8383 | D:10     | Noticed Erica
  8391 | D:10     | Reached skill level 10 in Fighting
  8397 | D:10     | Reached ****** piety under Cheibriados
  8416 | D:10     | Killed Erica
  8416 | D:10     | Reached skill level 5 in Armour
  8515 | D:10     | Killed an unseen horror
  8584 | D:10     | Noticed Grum
  8591 | D:10     | Killed Grum
  8604 | D:10     | Reached skill level 13 in Maces & Flails
  8931 | D:11     | Found a frozen archway.
  8936 | D:11     | Reached XP level 12. HP: 77/78 MP: 12/12
  8981 | IceCv    | Entered an ice cave
  9765 | D:11     | Noticed a six-headed hydra
  9781 | D:11     | Killed a six-headed hydra
  9861 | D:11     | Noticed an eight-headed hydra
  9865 | D:11     | HP: 4/80 [eight-headed hydra (5)]
  9866 | D:11     | Slain by an eight-headed hydra

Vault maps used:
D:1:      dpeg_arrival_morbid_curiosity
D:2:      lightli_temple_of_fire, first_bread, serial_forest,
          infiniplex_forest_straight_4, infiniplex_forest_lined_2,
          infiniplex_forest_lined_room_2, infiniplex_forest_pool,
          infiniplex_forest_lined_3, infiniplex_forest_lined_room_2,
          infiniplex_forest_end_1, kennysheep_slug_shrine
D:3:      lemuel_crystal_altar, lemuel_coloured_pillars_altar,
          gup_sewer_entry_spiral
D:4:      vehumet_crystals, uniq_robin
D:5:      nicolae_overflow_hidden_temple, serial_glass, glass_columns_a,
          glass_columns_b, uniq_menkaure
D:6:      lemuel_doored_altar, xom_confusion_cloud, serial_glass,
          glass_columns_a, glass_columns_a, glass_columns_b, glass_columns_b,
          minmay_strange_pillars
D:7:      serial_shops, nicolae_shop_trees, grunt_ogre_cave,
          kennysheep_generic_room_4, uniq_prince_ribbit1, uniq_joseph
D:8:      cheibrodos_quashed, lemuel_blue_sif_altar, basic_altar
D:9:      grunt_gozag_breadcrumbs
D:10:     uniq_erica, uniq_erolcha, uniq_grum
D:11:     lair_entry_dummy, basic_altar, portal_ice_cave_rime
IceCv:    ice_cave_tombish

Skill      XL: |  1  2  3  4  5  6  7  8  9 10 11 12 |
---------------+-------------------------------------+-----
Maces & Flails | 3 4 5 6 8 10 11 13 | 13.7
Shields        | 4 5 6 8 9 |  9.9
Fighting       | 4 5 6 8 9 10 11 | 11.0
Armour         | 6 8 |  8.6

Action                   |  1- 3 |  4- 6 |  7- 9 | 10-12 || total
-------------------------+-------+-------+-------+-------++-------
Melee: Flail             |   144 |   259 |   339 |   645 ||  1387
  Use: Scroll            |       |     1 |       |     5 ||     6
       Potion            |       |       |       |     1 ||     1
  Eat: Chunk             |     3 |     5 |     4 |     6 ||    18
       Pizza             |       |       |       |     1 ||     1
Armor: Scale mail        |    18 |       |       |       ||    18
       Plate armour      |    93 |   219 |   217 |   350 ||   879
Dodge: Dodged            |    31 |    52 |    92 |   122 ||   297
Block: Shield            |    89 |   177 |   274 |   442 ||   982
